 Dungeon Crawl Stone Soup version 0.31.0-11-ge490571c62 (webtiles) character file.

Game seed: 14607500222559934883

53 sokol815 the Changeling (level 3, -3/25 HPs)
             Began as an Octopode Shapeshifter on Jan 30, 2024.
             Slain by an orc priest
             ... wielding a +0 club
              (4 damage)
             ... on level 3 of the Dungeon.
             The game lasted 00:05:44 (1633 turns).

sokol815 the Changeling (Octopode Shapeshifter)     Turns: 1633, Time: 00:05:45

Health: -3/25      AC:  1    Str: 13    XL:     3   Next: 89%
Magic:  13/13      EV: 13    Int: 17    God:
Gold:   95         SH:  0    Dex: 11    Spells: 4/4 levels left

rFire   + . .        a - +8 halberd of Crystal {freeze, rF+ Int+3}
rCold   . . .        (shield currently unavailable)
rNeg    . . .        (helmet restricted)
rPois   .            (no amulet)
rElec   .            d - ring of magical power
rCorr   .            (no ring)
SInv    .            (no ring)
Will    .....        (no ring)
Stlth   ++           (no ring)
HPRegen 0.24/turn    (no ring)
MPRegen 0.13/turn    (no ring)
                     (no ring)

%: no passive effects
@: no status effects
A: almost no armour, amphibious, 8 rings, camouflage 1, gelatinous body 1,
(nimble swimmer 1), tentacles
a: no special abilities


You were on level 3 of the Dungeon.
You visited 1 branch of the dungeon, and saw 3 of its levels.

You collected 106 gold pieces.
You spent 11 gold pieces at shops.

Inventory:

Hand Weapons
 a - the +8 halberd of Crystal (weapon) {freeze, rF+ Int+3}
   (You found it on level 2 of the Dungeon)

   Int+3:     It affects your intelligence (+3).
   rF+:       It protects you from fire.
 g - a +0 spear
 i - a +0 vampiric short sword
Missiles
 h - 2 throwing nets (quivered)
Jewellery
 d - a ring of magical power (left tentacle)
Talismans
 b - a beast talisman
 c - a flux talisman
Potions
 e - a potion of degeneration {unknown}
 f - a potion of haste {unknown}
 j - a potion of cancellation {unknown}
 k - a potion of invisibility {unknown}
 l - 2 potions of curing {unknown}
 n - 2 potions of enlightenment {unknown}
 o - a potion of attraction {unknown}
 p - a potion of lignification
 q - 2 potions of mutation {unknown}


   Skills:
 + Level 2.4 Fighting
 + Level 1.0 Polearms
 - Level 2.0 Dodging
 - Level 3.0 Unarmed Combat
 - Level 1.0 Spellcasting
 - Level 3.4 Shapeshifting


You had 4 spell levels left.
You didn't know any spells.
Your spell library contained the following spells:

 Spells                   Type           Power      Damage    Failure   Level
 Magic Dart               Conj           0%         1d3       22%         1
 Searing Ray              Conj           0%         2d4       32%         2
 Stone Arrow              Conj/Erth      0%         3d7       54%         3
 Fulminant Prism          Conj/Alch      0%         3d5       91%         4
 Lehudib's Crystal Spear  Conj/Erth      0%         10d2      100%        8
 Animate Armour           Summ/Erth      Unusable   N/A       N/A         4

Dungeon Overview and Level Annotations

Branches:
Dungeon (3/15)

Altars:

Shops:
D:1 ?


Innate Abilities, Weirdness & Mutations

You cannot wear most types of armour.
You are amphibious.
You can wear up to eight rings at the same time.
Your skin changes colour to match your surroundings (Stealth+).
Your rubbery body absorbs attacks. (AC +1, EV +1)
((You are camouflaged when in or above water. (Stealth+)))
You have tentacles for arms and can constrict up to eight enemies at once.


Message History

You kill the hobgoblin!
An orc priest comes into view. It is wielding a +0 club.
The orc priest shouts!
An orc comes into view. It is wielding a +0 dagger.
You completely miss the kobold. You grab the kobold.
You constrict the kobold, but do no damage.
The kobold hits you with a +0 dagger.
An orc comes into view.
It is wielding a +0 short sword and wearing a +2 ring mail of fire resistance.
The kobold barely misses you.
You barely miss the ribbon worm.
The orc shouts!
You grab the ribbon worm.
You tentacle-slap the ribbon worm, but do no damage.
You squeeze the ribbon worm, but do no damage.
You constrict the kobold. You constrict the ribbon worm.
The ribbon worm barely misses you. The kobold hits you with a +0 dagger.
Reach: a) +8 halberd of Crystal {freeze, rF+ Int+3}
Press: ? - help, Dir - move target, f - orc priest
Aim: an orc priest, wielding a +0 club (about 40% to evade the +8 halberd of Crystal)
You reach to attack!
You barely miss the orc priest. You constrict the kobold.
You kill the kobold!
You constrict the ribbon worm.
An orc comes into view.
It is wielding a +0 short sword and wearing a +2 ring mail of poison resistance.
The ribbon worm expels a string of sticky webbing.
The stream of webbing hits you but does no damage.
You are caught in a web!
The orc priest barely misses you.
You struggle to detach yourself from the web.
You constrict the ribbon worm. The ribbon worm bites you!
An orc comes into view. It is wielding a +0 dagger.
The orc priest hits you with a +0 club.
Unknown command.
You struggle to detach yourself from the web.
You constrict the ribbon worm. The ribbon worm bites you!
* * * LOW HITPOINT WARNING * * *
The orc priest hits you with a +0 club.
* * * LOW HITPOINT WARNING * * *
Unknown command.
The web tears apart.
You constrict the ribbon worm. The ribbon worm closely misses you.
The orc priest hits you with a +0 club.
You die...

#.......#
########.....#.#
...........#.#.####### .
######.#............. ..
# #.#..#..#.#.... ...
######.#..#..#...#.#....
................[.......
.......##.##.####w......
#.###..##.#...##@o#....
#.# #..##..###..o.......
... #..##.# ##....o.#.#
###. #.## ##:#.#.# # #.
#. #....... .. ..
#.#...... . .##.##... #
# #.


You could see a ribbon worm (catching breath), an orc priest and 2 orcs.

Vanquished Creatures
  An adder (D:2)
  3 ribbon worms (D:2)
  A dart slug (D:2)
  2 bats (D:1)
  2 endoplasms (D:2)
  2 giant cockroaches
  2 goblins
  3 hobgoblins
  2 quokkas
  6 ball pythons
  3 frilled lizards (D:1)
  3 kobolds
  5 rats
35 creatures vanquished.

Notes
Turn   | Place    | Note
-------+----------+-------------------------------------------
     0 | D:1      | sokol815 the Octopode Shapeshifter began the quest for the
                  | Orb.
     0 | D:1      | Reached XP level 1. HP: 13/13 MP: 1/1
   164 | D:1      | Reached XP level 2. HP: 14/18 MP: 2/2
   507 | D:1      | Found Ebuyxe Zizu's Magic Scroll Shop.
   515 | D:1      | Bought a scroll of noise for 11 gold pieces
   936 | D:2      | Found a faded altar of an unknown god.
   970 | D:2      | Reached XP level 3. HP: 21/24 MP: 4/4
  1030 | D:2      | Reached skill level 1 in Spellcasting
  1037 | D:2      | Identified the +8 halberd of Crystal {freeze, rF+ Int+3}
  1619 | D:3      | Reached skill level 1 in Polearms
  1632 | D:3      | HP: 1/25 [orc priest/+0 club (3)]
  1633 | D:3      | Slain by an orc priest

Illustrated notes

Levels and vault maps discovered:
D:1:      elethiomel_arrival_maze, layout_loops_ring, serial_shops, shop,
          chequers_serial_rivers_micro_c
D:2:      layout_basic, shapermc_ecumenical_altar_gd
D:3:      layout_loops_ring, minmay_misc_feat_five, minmay_hedge_maze,
          minmay_liquid_box, minmay_misc_feat_tower

Skill      XL: |  1  2  3 |
---------------+----------+-----
Fighting       | 2 |  2.4
Spellcasting   | 1 |  1.0
Polearms       | 1 |  1.0
Dodging        | |  2.0
Unarmed Combat | |  3.0
Shapeshifting  | |  3.4

Action                     || total
---------------------------++-------
  Melee: Unarmed           ||    24
         Constrict         ||    16
         Tentacles         ||    11
         Punch             ||     2
         Short sword       ||    24
         Halberd           ||    17
    Use: Scroll            ||     2
   Stab: Sleeping          ||     8
 Armour: Skin              ||    24
  Dodge: Dodged            ||    40
   Form: Beast             ||     1
                           ||     1
